 Dungeon Crawl Stone Soup version 0.29-a0-337-g68df138881 (webtiles) character file.

Game seed: 15976786887145484750

1351 Dauddaud the Cleaver (level 8, 0/96 HPs)
             Began as a Minotaur Berserker on Apr 16, 2022.
             Was a Priest of Trog.
             Succumbed to Edmund's poison
             ... on level 6 of the Dungeon.
             The game lasted 00:12:52 (5671 turns).

Dauddaud the Cleaver (Minotaur Berserker)           Turns: 5671, Time: 00:12:53

Health: 0/96       AC: 13    Str: 23    XL:     8   Next: 36%
Magic:  7/7        EV:  8    Int:  4    God:    Trog [***...]
Gold:   218        SH:  0    Dex: 11    Spells: 7/7 levels left

rFire   . . .      SeeInvis .   a - +0 hand axe
rCold   . . .      Faith    +   (no shield)
rNeg    + . .      Spirit   .   r - +0 chain mail
rPois   .          Reflect  .   (helmet restricted)
rElec   .          Harm     .   (no cloak)
rCorr   .          Rampage  .   D - +0 pair of gloves
Will    ++...                   (no boots)
Stlth   ..........              o - amulet of faith
HPRegen 1.26/turn               l - +4 ring of protection
MPRegen 0.10/turn               q - ring of positive energy

@: berserking (expiring), lethally poisoned (0 -> -13), strong-willed,
regenerating, very quick
A: horns 2, retaliatory headbutt
a: Renounce Religion, Berserk, Trog's Hand


You were on level 6 of the Dungeon.
You worshipped Trog.
Trog was most pleased with you.
You visited 1 branch of the dungeon, and saw 6 of its levels.

You collected 218 gold pieces.

Inventory:

Hand Weapons
 a - a +0 hand axe (weapon)
Missiles
 m - 5 poisoned darts (quivered)
Armour
 b - a +0 animal skin
 f - a +0 scale mail
 r - a +0 chain mail (worn)
 D - a +0 pair of gloves (worn)
Jewellery
 c - an amulet of the acrobat
 l - a +4 ring of protection (left hand)
 o - an amulet of faith (around neck)
 q - a ring of positive energy (right hand)
 t - an amulet of reflection
Wands
 B - a wand of mindburst (9)
 C - a wand of acid (10)
Scrolls
 d - a scroll of magic mapping {unknown}
 g - 3 scrolls of noise {unknown}
 h - a scroll of fog {unknown}
 j - 4 scrolls of identify {unknown}
 n - 3 scrolls of teleportation {unknown}
 p - 2 scrolls of blinking {unknown}
 s - 3 scrolls of vulnerability {unknown}
 w - a scroll of amnesia {unknown}
 y - 3 scrolls of immolation {unknown}
 A - 3 scrolls of torment {unknown}
Potions
 e - 2 potions of heal wounds {unknown}
 i - a potion of degeneration {unknown}
 k - a potion of attraction {unknown}
 u - a potion of mutation {unknown}
 v - 3 potions of curing
 x - a potion of berserk rage {unknown}
 z - a potion of resistance {unknown}


   Skills:
 - Level 3.6 Fighting
 + Level 12.6 Axes
 - Level 2.4 Armour
 - Level 2.1 Dodging


You had 7 spell levels left.
You didn't know any spells.
Your spell library was empty.

Dungeon Overview and Level Annotations

Branches:
Dungeon (6/15)             Temple (0/1) D:5

Altars:
Trog


Innate Abilities, Weirdness & Mutations

You have a pair of horns on your head.
You reflexively headbutt those who attack you in melee.


Message History

You feel sick.
You hit Edmund but do no damage.
Edmund is moderately wounded.
You feel sick. Edmund completely misses you.
You hit Edmund. Your headbutt misses Edmund.
Edmund is heavily wounded.
You feel sick.
You slash Edmund!
Edmund is severely wounded.
You feel sick.
Edmund hits you with a +6 dire flail of venom.
* * * LOW HITPOINT WARNING * * *
You are more poisoned.
You barely miss Edmund. Your headbutt misses Edmund.
Edmund is severely wounded.
You feel sick.
You hit Edmund.
Edmund is severely wounded.
You feel sick.
You closely miss Edmund.
Edmund is severely wounded.
You feel sick.
Edmund hits you with a +6 dire flail of venom.
* * * LOW HITPOINT WARNING * * *
You are more poisoned.
You hit Edmund.
Edmund is almost dead.
You feel sick.
You hit Edmund. Your headbutt misses Edmund.
Edmund is almost dead.
You feel sick.
Edmund hits you with a +6 dire flail of venom!
* * * LOW HITPOINT WARNING * * *
You are more poisoned.
You hit Edmund. You headbutt Edmund.
You kill Edmund!
Trog accepts your kill.
* * * LOW HITPOINT WARNING * * *
You feel very sick.
You die...

#.##......<#
#.##########
#.# #.# #.#
#.# #.#
#.####.#
#...@).#
#...######
... #


There were no monsters in sight!

Vanquished Creatures
  The ghost of Jortsu the Ruffian, a novice TrHu of Hepliaklqana (D:5)
  Edmund (D:6)
  A black bear (D:5)
  2 sky beasts (D:3)
  A phantom (D:4)
  2 scorpions
  Jessica (D:3)
  2 gnoll shamans (D:5)
  3 iguanas (D:5)
  2 orc wizards
  6 gnolls (D:5)
  7 adders
  A shadow imp (D:5)
  An ufetubus (D:4)
  4 worms
  4 dart slugs
  10 orcs
  6 endoplasms
  4 giant cockroaches
  9 goblins
  3 hobgoblins
  2 jackals (D:2)
  2 quokkas
  6 ball pythons
  8 bats
  5 frilled lizards
  5 kobolds
  4 rats
103 creatures vanquished.

Vanquished Creatures (others)
  An orc (D:5)
1 creature vanquished.

Grand Total: 104 creatures vanquished

Notes
Turn   | Place    | Note
-------+----------+-------------------------------------------
     0 | D:1      | Dauddaud the Minotaur Berserker began the quest for the
                  | Orb.
     0 | D:1      | Reached XP level 1. HP: 19/19 MP: 0/0
    11 | D:1      | Reached skill level 4 in Axes
    31 | D:1      | Reached XP level 2. HP: 17/26 MP: 1/1
   164 | D:1      | Found a faded altar of an unknown god.
   799 | D:2      | Reached skill level 5 in Axes
   884 | D:2      | Reached XP level 3. HP: 29/31 MP: 2/2
   912 | D:2      | Reached ** piety under Trog
  1755 | D:3      | Reached skill level 6 in Axes
  1755 | D:3      | Reached XP level 4. HP: 36/39 MP: 3/3
  2294 | D:3      | Noticed a sky beast
  2303 | D:3      | Killed a sky beast
  2304 | D:3      | Reached skill level 7 in Axes
  2304 | D:3      | Reached XP level 5. HP: 45/45 MP: 4/4
  2439 | D:3      | Noticed a sky beast
  2466 | D:3      | Killed a sky beast
  2467 | D:3      | Reached skill level 8 in Axes
  2467 | D:3      | Reached XP level 6. HP: 35/51 MP: 5/5
  2660 | D:3      | Noticed Jessica
  2675 | D:3      | Killed Jessica
  3199 | D:4      | Reached skill level 9 in Axes
  3266 | D:4      | Reached *** piety under Trog
  3407 | D:4      | Found a bloodstained altar of Trog.
  3686 | D:4      | Reached XP level 7. HP: 55/57 MP: 6/6
  3830 | D:5      | Entered Level 5 of the Dungeon
  3901 | D:5      | Reached skill level 10 in Axes
  3953 | D:5      | Found a staircase to the Ecumenical Temple.
  4739 | D:5      | Reached skill level 11 in Axes
  4999 | D:5      | Reached **** piety under Trog
  5084 | D:5      | Found a large runed translucent door.
  5085 | D:5      | Found a large runed translucent door.
  5091 | D:5      | Noticed Jortsu's ghost (novice TrHu)
  5463 | D:5      | Killed Jortsu's ghost
  5464 | D:5      | Reached skill level 12 in Axes
  5464 | D:5      | Reached XP level 8. HP: 38/64 MP: 7/7
  5646 | D:6      | Noticed Edmund
  5670 | D:6      | Killed Edmund
  5670 | D:6      | HP: 4/96 [poisoned by Edmund]
  5671 | D:6      | Succumbed to Edmund's poison

Illustrated notes

Levels and vault maps discovered:
D:1:      wander_arrival_peaceful_grave, layout_basic,
          ebering_ecumenical_altar_hall, hangedman_decor_opposing
D:2:      layout_loops_ring
D:3:      layout_loops_corners, nrook_campfire, uniq_jessica
D:4:      layout_gridville, lightli_temple_of_fire
D:5:      layout_basic, minmay_temple_entry_grid, ebering_ghost_disaster_area
D:6:      layout_basic, uniq_duvessa, uniq_edmund

Skill      XL: |  1  2  3  4  5  6  7 |
---------------+----------------------+-----
Axes           | 4 5 6 7 8 9 12 | 12.6
Fighting       | |  3.6
Armour         | |  2.4
Dodging        | |  2.1

Action                   |  1- 3 |  4- 6 |  7- 9 || total
-------------------------+-------+-------+-------++-------
Melee: Hand axe          |   103 |   135 |   129 ||   367
       Headbutt          |     8 |    11 |    23 ||    42
       Punch             |     2 |       |     1 ||     3
Invok: Berserk           |       |     1 |     3 ||     4
       Trog's Hand       |       |       |     2 ||     2
Armor: Animal skin       |     7 |       |       ||     7
       Scale mail        |    29 |    14 |       ||    43
       Chain mail        |       |    55 |    47 ||   102
Dodge: Dodged            |    58 |    35 |    40 ||   133

Table legend: (Time is in decaauts)
 A = Elapsed time spent in this place.
 B = Non-inter-level travel time spent in this place.
 C = Inter-level travel time spent in this place.
 D = Time resting spent in this place.
 E = Time spent auto-exploring this place.
 F = Levels seen in this place.
 G = Mean time per level.
                   A        B        C        D        E       F      G
               +--------+--------+--------+--------+--------+-----+--------+
         Total |   5650 |   5516 |    134 |   1046 |   3710 |   6 |  941.7 |
       Dungeon |   5650 |   5516 |    134 |   1046 |   3710 |   6 |  941.7 |
               +--------+--------+--------+--------+--------+-----+--------+

Top non-repeatable levels by time:
     D:5: 1733 daAuts
     D:3: 1438 daAuts
     D:4: 813 daAuts
     D:2: 806 daAuts
     D:1: 774 daAuts
     D:6: 84 daAuts
